cohdb
Replays
Latest Replays
All Replays
Popular Replays
Top Player Replays
Match Explorer
How It Works
Community
CoH3 Stats
Reddit
Sign in to upload your games and track your stats! →
Sign in with Steam
Match 40721944
Unlisted
Match 40721944
Overview
Messages
Build Orders
End
Construct Section Command Post
Dingo Light Scout Car
Infantry Section
Infantry Section
Vickers Machine Gun Team
Construct Field Infirmary
Selects Indian Artillery Battlegroup
Selects War Cry
Selects Gurkha Rifles Section
Gurkha Rifles Section
Grenade Package
Construct Platoon Command Post
Selects Artillery Saturation
6-pounder Anti-tank Gun Team
6-pounder Anti-tank Gun Team
Unlock Bishop Self-propelled Artillery
Bishop Self-propelled Artillery
Adelfos88
Swat5.1
Indioario
Marqués
Vettlen
rain
Mael Radec
WrebbsJohnsonGiver
0
0
Comments
sign in to comment!
No comments posted yet!